Map: 프라이드 오브 알타리스 - 래더

Players

Ryung - Winner!

  • Race: Terran Terran
  • League: Master

PtitDrogo

  • Race: Protoss Protoss
  • League: Master

VOD

Have the link to the VOD?

Description

Time

  • Played on: Oct. 21, 2021, 8:12 a.m.
  • Length: 9:53
Show
View Real Time Build Order
Export as new Build Order

Ryung Terran - Winner!

Build Orders:  

Get SALT Encoding   

  12  0:00  SCV  
  13  0:12  SCV  
  14  0:17  Supply Depot  
  14  0:24  SCV  
  15  0:38  SCV  
  15  0:39  Barracks  
  16  0:42  Refinery  
  16  0:51  SCV  
  17  1:03  SCV  
  18  1:15  SCV  
  19  1:27  Marine, Orbital Command  
  20  1:46  Barracks Reactor  
  20  1:48  Command Center  
  20  1:53  Supply Depot  
  20  1:55  SCV  
  21  2:07  SCV  
  22  2:19  SCV  
  23  2:22  Marine  
  23  2:23  Marine  
  23  2:26  Command Center  
  25  2:31  SCV  
  26  2:37  Barracks  
  26  2:40  Marine  
  26  2:42  Reaper  
  29  2:44  SCV  
  29  2:57  SCV  
  30  3:00  Orbital Command  
  30  3:01  Marine  
  31  3:09  Barracks  
  31  3:11  SCV  
  32  3:14  Marine  
  33  3:21  Engineering Bay  
  33  3:23  SCV  
  33  3:25  Marine, Barracks Tech Lab  
  35  3:29  SCV  
  35  3:32  Marine  
  37  3:35  SCV  
  37  3:40  Orbital Command  
  38  3:42  SCV  
  38  3:45  Stimpack  
  38  3:47  Marine x2  
  41  3:50  Terran Infantry Weapons Level 1  
  41  3:52  SCV  
  41  3:54  SCV  
  43  4:03  Barracks Tech Lab  
  43  4:04  SCV  
  43  4:05  Refinery  
  43  4:06  SCV  
  43  4:09  SCV  
  46  4:10  Marine x2, Bunker  
  46  4:11  Marine  
  49  4:20  Supply Depot, SCV x2  
  49  4:21  SCV  
  52  4:29  Combat Shield  
  52  4:34  Marine  
  52  4:35  Marine  
  52  4:37  SCV x3  
  57  4:42  Supply Depot  
  57  4:43  Marauder x2  
  61  4:49  SCV x2, Refinery  
  61  4:51  SCV, Refinery  
  64  4:53  Marine  
  64  4:54  Marine  
  64  4:59  Supply Depot  
  66  5:05  SCV x2  
  66  5:06  SCV  
  69  5:09  Marauder x2  
  69  5:13  Marine  
  69  5:14  Marine  
  74  5:17  SCV  
  74  5:18  SCV  
  74  5:19  Factory  
  76  5:27  Orbital Command  
  76  5:31  Marine x2, Marauder x2, Concussive Shells  
  82  5:36  Supply Depot  
  82  5:38  Supply Depot  
  80  5:49  Marine x2  
  82  5:52  Marauder  
  82  5:54  Orbital Command  
  84  5:58  Marauder  
  84  5:59  SCV x2  
  84  6:03  Barracks x2  
  88  6:04  Starport  
  88  6:06  Factory Reactor  
  88  6:12  Marine x2  
  88  6:14  Marauder, SCV x2, Orbital Command  
  94  6:20  Marauder, Terran Infantry Armor Level 1  
  96  6:26  SCV x2  
  95  6:34  Marine  
  95  6:35  Marauder  
  95  6:38  SCV x2  
  95  6:41  Marauder  
  95  6:50  SCV x3  
  95  6:51  Starport, Medivac  
  95  6:53  Medivac  
  100  6:54  Supply Depot  
  100  6:55  Barracks Reactor, Barracks Tech Lab, Supply Depot  
  100  7:04  Ghost Academy, Supply Depot  
  100  7:05  Factory Reactor  
  100  7:07  Refinery  
  100  7:09  Refinery  
  100  7:11  Supply Depot  
  100  7:15  SCV  
  100  7:16  SCV x2  
  100  7:20  Missile Turret  
  100  7:21  Medivac  
  105  7:23  Medivac  
  105  7:27  Marauder x3  
  105  7:29  SCV x3  
  116  7:34  Marine x4  
  116  7:35  Enhanced Shockwaves  
  120  7:48  Viking  
  120  7:49  Viking  
  120  7:50  SCV x3  
  127  7:53  Viking x2, Supply Depot x2  
  127  7:56  Ghost  
  133  7:58  Marine  
  133  7:59  Marine x4  
  138  8:06  Ghost  
  138  8:15  SCV x2  
  138  8:16  SCV  
  138  8:17  Marine  
  138  8:18  Marine x3  
  145  8:20  Viking x2  
  145  8:22  Armory  
  145  8:24  Supply Depot  
  72  8:27  Viking  
  149  8:30  Viking  
  153  8:37  Marauder x2  
  157  8:45  Supply Depot  
  157  8:46  Marine x4, Marauder  
  157  8:48  Supply Depot  
  163  8:55  Viking  
  165  9:06  Marine x2  
  165  9:07  Viking, Marauder x2  
  165  9:09  Marine x2, Viking x2, Marauder  
  181  9:30  Supply Depot  
  181  9:31  Command Center  
  181  9:32  Supply Depot  
Show
View Real Time Build Order
Export as new Build Order

PtitDrogo Protoss 

Build Orders: 1 Gate Expand, Blink Stalkers, Colossus Rush 

Get SALT Encoding   

  12  0:00  Probe  
  13  0:12  Probe  
  14  0:17  Pylon  
  14  0:24  Probe (Chrono Boost)  
  15  0:37  Probe (Chrono Boost), Gateway  
  16  0:45  Probe (Chrono Boost)  
  16  0:47  Assimilator  
  17  0:51  Probe  
  18  1:03  Probe  
  19  1:15  Probe  
  20  1:23  Cybernetics Core  
  20  1:32  Nexus  
  20  1:39  Pylon  
  20  1:41  Probe  
  20  1:46  Assimilator  
  21  1:53  Probe  
  22  1:57  Adept (Chrono Boost)  
  24  2:02  Warp Gate  
  24  2:05  Probe  
  25  2:17  Stalker (Chrono Boost), Probe  
  28  2:29  Probe  
  29  2:32  Twilight Council  
  30  2:44  Probe (Chrono Boost)  
  30  2:45  Probe (Chrono Boost)  
  31  2:51  Gateway  
  31  2:54  Probe (Chrono Boost)  
  31  2:56  Probe (Chrono Boost)  
  33  2:59  Probe (Chrono Boost)  
  34  3:08  Probe (Chrono Boost)  
  34  3:10  Robotics Facility  
  34  3:11  Probe (Chrono Boost)  
  36  3:15  Blink (Chrono Boost)  
  38  3:21  Probe (Chrono Boost)  
  38  3:22  Probe (Chrono Boost)  
  38  3:26  Probe (Chrono Boost)  
  38  3:27  Stalker  
  38  3:30  Probe  
  38  3:32  Pylon  
  42  3:37  Probe  
  42  3:38  Assimilator  
  42  3:40  Assimilator  
  43  3:42  Probe (Chrono Boost)  
  44  3:49  Probe (Chrono Boost)  
  44  3:52  Stalker  
  48  4:00  Probe x2 (Chrono Boost)  
  49  4:05  Probe (Chrono Boost)  
  49  4:06  Observer, Probe (Chrono Boost)  
  49  4:09  Stalker  
  54  4:10  Pylon  
  54  4:18  Pylon  
  54  4:20  Robotics Bay  
  54  4:26  Forge  
  54  4:28  Probe x2  
  56  4:32  Observer  
  57  4:40  Probe x2, Stalker x2  
  63  4:51  Pylon  
  63  4:52  Nexus  
  63  4:54  Probe x2  
  63  4:59  Pylon  
  65  5:06  Protoss Ground Weapons Level 1  
  65  5:07  Observer  
  65  5:10  Colossus (Chrono Boost), Probe x2  
  73  5:19  Extended Thermal Lance  
  73  5:24  Probe (Chrono Boost)  
  73  5:25  Observer  
  73  5:27  Probe (Chrono Boost), Pylon  
  75  5:33  Charge  
  75  5:35  Probe (Chrono Boost)  
  76  5:37  Probe (Chrono Boost)  
  76  5:43  Probe  
  76  5:46  Probe  
  78  5:50  Pylon  
  78  5:54  Colossus (Chrono Boost)  
  78  5:55  Probe  
  79  5:57  Sentry  
  79  5:58  Probe  
  79  6:02  Zealot  
  79  6:03  Shield Battery  
  90  6:06  Probe  
  90  6:10  Probe  
  92  6:12  Shield Battery, Probe  
  92  6:17  Gateway  
  93  6:19  Probe  
  93  6:20  Gateway x2  
  93  6:22  Sentry  
  96  6:25  Probe  
  96  6:26  Assimilator x2  
  87  6:35  Stalker  
  87  6:39  Observer  
  86  6:42  Colossus (Chrono Boost)  
  86  6:44  Probe x2  
  90  6:49  Probe  
  91  7:01  Gateway  
  91  7:02  Gateway  
  91  7:03  Sentry, Zealot  
  91  7:06  Observer  
  95  7:10  Forge  
  95  7:11  Protoss Ground Weapons Level 2 (Chrono Boost)  
  95  7:23  Templar Archives  
  95  7:24  Zealot x4  
  95  7:25  Colossus (Chrono Boost), Nexus  
  95  7:28  Pylon  
  109  7:39  Gateway  
  109  7:41  Gateway  
  109  7:47  Photon Cannon  
  109  7:49  Pylon  
  109  7:54  Photon Cannon  
  109  8:01  Stalker x3  
  109  8:02  High Templar  
  109  8:03  High Templar  
  119  8:07  Archon, Pylon  
  123  8:16  Probe, Warp Prism (Chrono Boost)  
  114  8:20  Probe  
  114  8:21  Probe  
  114  8:24  Shield Battery, High Templar x2, Photon Cannon  
  120  8:28  Archon  
  120  8:30  Zealot  
  120  8:32  Zealot x2  
  126  8:34  High Templar x2  
  126  8:35  Zealot  
  126  8:36  Pylon  
  126  8:39  Archon  
  129  8:50  Stalker  
  131  9:00  Probe  
  131  9:01  Probe x3  
  134  9:04  Stalker x6  
  146  9:18  Probe x2  
  146  9:20  Pylon  
  146  9:22  Pylon  
  148  9:25  Zealot x2  
  148  9:26  Zealot  
  148  9:27  Assimilator  
  148  9:30  Zealot, Assimilator  
  156  9:32  Pylon  
  156  9:34  Pylon  
  156  9:42  Zealot x4  
  130  9:49  Zealot x3  
  130  9:50  Zealot  
Tags
 
Add a new tag
Caveats
  • Supply blocks, unpowered buildings, or Contaminate may cause inaccurate times.
  • Supply counts are checked every 10 seconds.